 Dungeon Crawl Stone Soup version 0.31.0-32-g396128a36d (webtiles) character file.

Game seed: 6762673122359224668

46 Fractals the Caller (level 3, -1/27 HPs)
             Began as a Barachi Summoner on Mar 28, 2024.
             Succumbed to an adder's poison
             ... on level 2 of the Dungeon.
             The game lasted 00:03:32 (854 turns).

Fractals the Caller (Barachi Summoner)               Turns: 854, Time: 00:03:33

Health: -1/27      AC:  2    Str: 15    XL:     3   Next: 68%
Magic:  5/7        EV: 12    Int: 15    God:
Gold:   94         SH:  0    Dex: 14    Spells: 4/7 levels left

rFire   . . .        c - +0 short sword
rCold   . . .        (no shield)
rNeg    . . .        a - +0 robe
rPois   .            (no helmet)
rElec   .            (no cloak)
rCorr   .            (no gloves)
SInv    .            (no boots)
Will    .....        (no amulet)
Stlth   ++           e - +6 ring of strength
HPRegen 0.24/turn    (no ring)
MPRegen 0.10/turn

%: no passive effects
@: lethally poisoned (-1 -> -10), attractive, slow
A: amphibious, slowness 1, strong legs 1, +LOS
a: Hop


You were on level 2 of the Dungeon.
You visited 1 branch of the dungeon, and saw 2 of its levels.

You collected 94 gold pieces.

Inventory:

Hand Weapons
 c - a +0 short sword (weapon)
Armour
 a - a +0 robe (worn)
Jewellery
 e - a +6 ring of strength (left hand)
Scrolls
 f - a scroll of teleportation
 h - a scroll of vulnerability {unknown}
 i - a scroll of blinking {unknown}
Potions
 b - a potion of magic
 g - a potion of cancellation {unknown}
 j - a potion of enlightenment {unknown}


   Skills:
 - Level 2.0 Fighting
 - Level 2.1 Dodging
 - Level 1.7 Stealth
 + Level 2.8 Spellcasting
 - Level 5.5 Summonings


You had 4 spell levels left.
You knew the following spells:

 Your Spells              Type           Power      Damage    Failure   Level
a - Summon Small Mammal   Summ           72%        N/A       2%          1
b - Call Imp              Summ           36%        N/A       3%          2

Your spell library contained the following spells:

 Spells                   Type           Power      Damage    Failure   Level
 Call Canine Familiar     Summ           18%        N/A       6%          3
 Summon Blazeheart Golem  Fire/Summ      10%        N/A       54%         4
 Summon Lightning Spire   Summ/Air       10%        N/A       54%         4


Dungeon Overview and Level Annotations

Branches:
Dungeon (2/15)

Altars:
Uskayaw


Innate Abilities, Weirdness & Mutations

You are amphibious.
You cover ground slowly.
You can hop short distances.
You have an extended range of vision and can be seen from far away.


Message History

The adder bites you.
You are poisoned.
The adder poisons you! The adder bites you but does no damage.
Your cerulean imp closely misses the adder.
You barely miss the adder.
The adder is heavily wounded.
You feel sick. The adder barely misses you.
Your cerulean imp closely misses the adder.
You hit the adder but do no damage.
The adder is heavily wounded.
You feel sick. The adder barely misses you.
Your cerulean imp hits the adder from afar with a -3 spear.
You hit the adder.
The adder is almost dead.
You feel sick. The adder bites you.
You are more poisoned.
The adder poisons you!
Your cerulean imp hits the adder but does no damage.
The adder bites you.
You are lethally poisoned!
The adder poisons you!
You hit the adder but do no damage.
The adder is almost dead.
You feel very sick. The adder closely misses you.
Your cerulean imp misses the adder.
You barely miss the adder.
The adder is almost dead.
* * * LOW HITPOINT WARNING * * *
You feel very sick. The adder bites you.
* * * LOW HITPOINT WARNING * * *
You are more poisoned.
The adder poisons you!
Your cerulean imp hits the adder from afar with a -3 spear.
The adder dies!
* * * LOW HITPOINT WARNING * * *
You feel very sick.
It was a potion of attraction.
You feel attractive to monsters.
You die...

....# ###.## # .....#
.# ###..# ..#.
...#####.... #
###..#...... ####.#
###..#.....#### #... #
........#.....####.##.#
###.....#.......@5....#
##...######..####.##.#
#.......# #># #.##.. .#
#.......# #.# #.##.##
.# #.......###.# #.##..
..# #.......†...#
#.##.###.#
#.......###.#
#.##.#..## #
#.......###.#
#.#....#.#.#
#...........#
#.........#


You could see a friendly cerulean imp (summoned).

Vanquished Creatures
  4 endoplasms
  3 giant cockroaches (D:1)
  2 goblins (D:1)
  2 hobgoblins (D:1)
  2 kobolds (D:1)
  A quokka (D:1)
  3 ball pythons
  2 bats (D:1)
  A frilled lizard (D:1)
  A rat (D:1)
21 creatures vanquished.

Vanquished Creatures (collateral kills)
  An adder (D:2)
  A ball python (D:1)
  An endoplasm (D:1)
  A goblin (D:1)
  A hobgoblin (D:1)
  2 quokkas (D:1)
  A bat (D:1)
  2 kobolds (D:1)
  A rat (D:1)
11 creatures vanquished.

Grand Total: 32 creatures vanquished

Notes
Turn   | Place    | Note
-------+----------+-------------------------------------------
     0 | D:1      | Fractals the Barachi Summoner began the quest for the Orb.
     0 | D:1      | Reached XP level 1. HP: 13/13 MP: 3/3
    41 | D:1      | Reached skill level 5 in Summonings
    43 | D:1      | Reached skill level 1 in Fighting
    52 | D:1      | Reached XP level 2. HP: 20/21 MP: 5/5
   349 | D:1      | Reached XP level 3. HP: 21/27 MP: 4/6
   363 | D:1      | Learned a level 2 spell: Call Imp
   689 | D:2      | Found a hide-covered altar of Uskayaw.
   853 | D:2      | HP: 1/27 [poisoned by an adder]
   854 | D:2      | Succumbed to an adder's poison

Illustrated notes

Levels and vault maps discovered:
D:1:      eino_arrival_water_cross, layout_rooms, minmay_cut_off
D:2:      layout_loops_ring, basic_altar, minmay_fountain_box,
          hangedman_decor_push, kennysheep_decorative_pillar,
          minmay_misc_feat_hallway, uniq_crazy_yiuf_cottage

Skill      XL: |  1  2 |
---------------+-------+-----
Summonings     | 5 |  5.5
Fighting       | 1 2 |  2.0
Dodging        | |  2.1
Stealth        | |  1.7
Spellcasting   | |  2.8

Action                     || total
---------------------------++-------
  Melee: Unarmed           ||    11
         Short sword       ||    92
         Punch             ||     1
   Cast: Summon Small Mamm ||     7
         Call Imp          ||     2
    Use: Scroll            ||     1
         Potion            ||     1
   Stab: Sleeping          ||     1
 Armour: Robe              ||    70
  Dodge: Dodged            ||    78
